 Dungeon Crawl Stone Soup version 0.25.1-2-g60ff931df9 (webtiles) character file.

Game seed: 15032399742581513425

97 Doot the Caller (level 4, 0/24 HPs)
             Began as a Tengu Summoner on Sept 3, 2020.
             Killed from afar by an orc wizard (6 damage)
             ... with a puff of flame
             ... on level 5 of the Dungeon.
             The game lasted 00:05:08 (3248 turns).

Doot the Caller (Tengu Summoner)                    Turns: 3248, Time: 00:05:09

Health: 0/24       AC:  3    Str:  8    XL:     4   Next: 68%
Magic:  3/8        EV: 13    Int: 16    God:
Gold:   227        SH:  5    Dex: 15    Spells: 2/8 levels left

rFire    . . .     SeeInvis .   r - +0 whip
rCold    . . .     Gourm    .   (no shield)
rNeg     . . .     Faith    .   a - +0 robe
rPois    .         Spirit   .   (helmet restricted)
rElec    .         Reflect  +   d - +0 cloak
rCorr    .         Harm     .   (no gloves)
MR       .....     Rnd*Tele +   (boots unavailable)
Stlth    ++........             g - amulet of reflection
HPRegen  0.08/turn              b - ring of teleportation (curse)
MPRegen  0.11/turn              (no ring)

@: no status effects
A: beak, talons 3
a: no special abilities


You were on level 5 of the Dungeon.
You were near starving.

You visited 2 branches of the dungeon, and saw 6 of its levels.

You collected 227 gold pieces.

Inventory:

Hand Weapons
 f - a +0 short sword
 r - a +0 whip (weapon)
Armour
 a - a +0 robe (worn)
 d - a +0 cloak (worn)
Jewellery
 b - a cursed ring of teleportation (left hand)
 g - an amulet of reflection (around neck)
Wands
 u - a wand of iceblast (5)
Scrolls
 e - a scroll of blinking {unknown}
 h - 2 scrolls of teleportation {unknown}
 i - 2 scrolls of amnesia {unknown}
 k - a scroll of noise {unknown}
 l - a scroll of identify {unknown}
 o - a scroll of enchant armour {unknown}
 t - a scroll of magic mapping {unknown}
Potions
 j - 4 potions of curing {unknown}
 m - a potion of degeneration {unknown}
 n - a potion of magic {unknown}
 p - a potion of resistance {unknown}
 q - a potion of heal wounds {unknown}
 s - a potion of haste {unknown}
 v - a potion of cancellation {unknown}
Comestibles
 c - 6 rations


   Skills:
 + Level 0.4 Fighting
 + Level 1.3 Short Blades
 + Level 0.3 Maces & Flails
 + Level 2.7 Dodging
 + Level 2.4 Stealth
 + Level 2.6 Spellcasting
 + Level 5.8 Summonings


You had 2 spell levels left.
You knew the following spells:

 Your Spells              Type           Power        Failure   Level  Hunger
a - Summon Small Mammal   Summ           ###.         1%          1    #......
b - Call Imp              Summ           ###.....     2%          2    ##.....
c - Call Canine Familiar  Summ           ###.....     5%          3    ###....

Your spell library contained the following spells:

 Spells                   Type           Power        Failure   Level  Hunger
 Summon Guardian Golem    Hex/Summ       ##......     19%         3    ###....
 Summon Ice Beast         Ice/Summ       ##......     52%         4    #####..
 Summon Lightning Spire   Summ/Air       ##......     52%         4    #####..


Dungeon Overview and Level Annotations

Branches:
Dungeon (5/15)             Temple (1/1) D:4

Altars:
Ashenzari
Cheibriados
Elyvilon
Fedhas
Kikubaaqudgha
Makhleb
Nemelex Xobeh
Qazlal
Ru
Trog
Uskayaw
Wu Jian
Xom
Zin
The Shining One

Annotations:
D:3 Robin


Innate Abilities, Weirdness & Mutations

You have a beak for a mouth.
You have claws for feet.


Message History

The jackal dies!
Something hits you but does no damage.
The jackal bites you but does no damage.
The jackal bites you. Something barely misses you.
The jackal closely misses you.
Your white imp gestures at the jackal.
The puff of frost hits the jackal!
The jackal dies!
Something hits you.
Unknown command.
Unknown command.
Something hits you.
* * * LOW HITPOINT WARNING * * *
You feel less confused. Something hits you.
* * * LOW HITPOINT WARNING * * *
You hear some strange, mumbled words.
A puff of flame appears from out of thin air!
The puff of flame hits you.
You die...

.... ... .. #
####.###.# #
##........#
..#.#........
.#........# .#
.......<.5#...#
....h.#5@{....#
..#.. #..)......
... ...........
#...............
#...............
................
.#.............
###...........


You could see a friendly crimson imp (summoned) and a friendly white imp
(summoned).

Vanquished Creatures
  2 adders
  An ooze (D:1)
  A dart slug (D:1)
  2 leopard geckos
  An orc (D:5)
  2 giant cockroaches
  A goblin (D:3)
  5 hobgoblins
  4 bats
  2 frilled lizards
  6 kobolds
  8 rats
35 creatures vanquished.

Vanquished Creatures (collateral kills)
  A scorpion (D:4)
  An adder (D:2)
  2 orcs (D:5)
  5 hobgoblins
  2 jackals (D:5)
  2 frilled lizards
  3 goblins
  2 kobolds (D:1)
  A rat (D:3)
19 creatures vanquished.

Vanquished Creatures (others)
  4 toadstools (D:1)
4 creatures vanquished.

Grand Total: 58 creatures vanquished

Notes
Turn   | Place    | Note
-------+----------+-------------------------------------------
     0 | D:1      | Doot the Tengu Summoner began the quest for the Orb.
     0 | D:1      | Reached XP level 1. HP: 10/10 MP: 4/4
    43 | D:1      | Reached skill level 5 in Summonings
   290 | D:1      | Reached XP level 2. HP: 14/15 MP: 4/6
   301 | D:1      | Learned a level 2 spell: Call Imp
   663 | D:1      | Reached XP level 3. HP: 19/19 MP: 5/7
   730 | D:1      | Reached skill level 1 in Short Blades
  1527 | D:2      | Learned a level 3 spell: Call Canine Familiar
  1741 | D:2      | Found an ancient bone altar of Kikubaaqudgha.
  1984 | D:2      | Found a glowing golden altar of the Shining One.
  1985 | D:2      | Found a snail-covered altar of Cheibriados.
  2117 | D:3      | Found a sacrificial altar of Ru.
  2118 | D:3      | Noticed Robin
  2355 | D:3      | Reached XP level 4. HP: 22/24 MP: 8/8
  2790 | D:4      | Found a staircase to the Ecumenical Temple.
  2796 | Temple   | Entered the Ecumenical Temple
  3229 | D:5      | Entered Level 5 of the Dungeon
  3248 | D:5      | Killed from afar by an orc wizard

Illustrated notes

Levels and vault maps discovered:
D:1:      mushboom_english_gardens, layout_basic, minmay_statues_item,
          minmay_gold_behind_fungi, lemuel_flame_loot_1
D:2:      layout_rooms, nicolae_overflow_hidden_temple,
          gammafunk_temple_overflow_statue, first_ration
D:3:      layout_basic, nicolae_ru_sacrificial_ziggurat, uniq_robin
D:4:      layout_basic, grunt_dithmenos_smoke, minmay_temple_entry_waves
D:5:      layout_cave_pools, kennysheep_little_box, grunt_temple_overflow_open,
          serial_shops, nicolae_shop_waterfront
Temple:   minmay_temple_bridge_abc

Skill      XL: |  1  2  3 |
---------------+----------+-----
Summonings     | 5 |  5.8
Short Blades   | 1 |  1.3
Fighting       | |  0.4
Maces & Flails | |  0.3
Dodging        | |  2.7
Stealth        | |  2.4
Spellcasting   | |  2.6

Action                   |  1- 3 |  4- 6 || total
-------------------------+-------+-------++-------
Melee: Short sword       |    61 |       ||    61
       Kick              |    17 |     1 ||    18
       Peck              |    12 |     4 ||    16
       Whip              |    15 |    15 ||    30
 Cast: Summon Small Mamm |    22 |       ||    22
       Call Imp          |     6 |     2 ||     8
       Call Canine Famil |     3 |     3 ||     6
 Stab: Sleeping          |     2 |     1 ||     3
  Eat: Chunk             |     5 |     2 ||     7
Armor: Robe              |    12 |     8 ||    20
Dodge: Dodged            |    55 |    26 ||    81
Block: Other             |    28 |     3 ||    31
       Reflection        |     2 |       ||     2
